 Dungeon Crawl Stone Soup version 0.18-a0-1797-gc18daef (webtiles) character file.

795 Duffy the Conjurer (level 7, -10/46 HPs)
             Began as a Mummy Fire Elementalist on Apr 22, 2016.
             Was a Follower of Vehumet.
             Killed from afar by a steam dragon (22 damage)
             ... with a ball of steam
             ... on level 5 of the Dungeon.
             The game lasted 00:06:36 (6071 turns).

Duffy the Conjurer (Mummy Fire Elementalist)        Turns: 6071, Time: 00:06:37

Health: -10/46     AC:  3    Str: 11    XL:     7   Next: 58%
Magic:  1/10       EV: 12    Int: 17    God:    Vehumet [*.....]
Gold:   316        SH:  0    Dex: 12    Spells: 3 memorised, 2 levels left

rFire  x . .     SeeInvis .     e - +3 dagger
rCold  + . .     Gourm    .     a - +0 robe
rNeg   + + +     Faith    .     (no shield)
rPois  ∞         Spirit   .     (no helmet)
rElec  .         Dismiss  .     k - +0 cloak
rCorr  .         Reflect  .     (no gloves)
SustAt .         Harm     .     (no boots)
MR     .....                    (no amulet)
Stlth  ++........               (no ring)
                                (no ring)

@: very slightly contaminated, not resistant to hostile enchantments, unstealthy
A: no food or potions, fire vulnerability, cold resistance 1, negative energy
resistance 3, torment resistance, unbreathing
a: Renounce Religion


You were on level 5 of the Dungeon.
You worshipped Vehumet.
Vehumet was aware of your devotion.
You were not hungry.

You visited 2 branches of the dungeon, and saw 6 of its levels.

You collected 316 gold pieces.


Innate Abilities, Weirdness & Mutations

You do not eat or drink.
Your flesh is vulnerable to fire.
You are immune to poison.
Your flesh is cold resistant.
You are immune to negative energy.
You are immune to unholy pain and torment.
You can survive without breathing.


   Skills:
 - Level 1.5 Dodging
 - Level 1.5 Stealth
 - Level 2.0 Spellcasting
 + Level 5.4 Conjurations
 + Level 5.1 Fire Magic


You had 2 spell levels left.
You knew the following spells:

 Your Spells              Type           Power        Failure   Level  Hunger
a - Flame Tongue          Conj/Fire      ###..        2%          1    N/A
j - Sticky Flame          Conj/Fire      ###.....     24%         4    N/A
l - Conjure Flame         Conj/Fire      ###.....     10%         3    N/A

Inventory:

Hand Weapons
 e - a +3 dagger (weapon)
 h - a cursed -1 quarterstaff
Armour
 a - a +0 robe (worn)
 k - a +0 cloak (worn)
Wands
 i - a wand of flame (10/48)
 l - a wand of confusion (14/48)
Scrolls
 c - a scroll of magic mapping {unknown}
 d - 4 scrolls of identify {unknown}
 f - 3 scrolls of blinking {unknown}
 g - 2 scrolls of remove curse {unknown}
 j - a scroll of enchant armour {unknown}
Books
 b - a book of Flames

Dungeon Overview and Level Annotations

Branches:
Dungeon (5/15)             Temple (1/1) D:5

Altars:
Dithmenos
Elyvilon
Kikubaaqudgha
Pakellas
Trog
Vehumet
Xom
Yredelemnul


Message History

You can't see any susceptible monsters within range! (Use Z to cast anyway.) HP restored.
A steam dragon comes into view.
Cast which spell? (? or * to list)
Aiming: Flame Tongue
Press: ? - help, Shift-Dir - straight line, f - steam dragon
Aim: a steam dragon (hasn't noticed you)
The flame tongue hits the steam dragon.
The steam dragon is moderately wounded.
The steam dragon breathes steam at you. The ball of steam hits you!
The steam scalds you terribly!
Ouch! That really hurt!
You hear a shout!
Cast which spell? (? or * to list)
Aiming: Sticky Flame
Press: ? - help, Shift-Dir - straight line, f/p - steam dragon
Aim: a steam dragon (moderately wounded, catching its breath)
You miscast Sticky Flame.
You are very lightly contaminated with residual magic.
Wisps of smoke drift from your hands. The steam dragon completely misses you.
The steam dragon claws you.
Cast which spell? (? or * to list)
Aiming: Sticky Flame
Press: ? - help, Shift-Dir - straight line, f/p - steam dragon
Aim: a steam dragon (moderately wounded, catching its breath)
The sticky flame hits the steam dragon.
The steam dragon is moderately wounded.
The steam dragon is covered in liquid flames!
The steam dragon burns!
The steam dragon bites you but does no damage.
The steam dragon claws you but does no damage.
The steam dragon burns!
The steam dragon breathes steam at you. The ball of steam hits you!
The steam scalds you terribly!
You die...

...%.......#....o #....
...........#.... ...........#....
...........# ... ...........###.#
######
########.....#.######+##....#
#.....#.D0#..........#
#.....#.00#..........#....
#.....#..@#..........#....
#.....#...#..........#....
#.....'...#..........#....
#.....#...#...^......#....
###.....#...###..##.##.##...
##.####'##...###..##.##.##...
#.............#..............
#.............#..............
#####.............'.........<....


You could see a steam dragon (burning).

Action                   |  1- 3 |  4- 6 |  7- 9 || total
-------------------------+-------+-------+-------++-------
Melee: Unarmed           |     2 |       |       ||     2
       Dagger            |       |       |    47 ||    47
 Cast: Flame Tongue      |    71 |    87 |    40 ||   198
       Sticky Flame      |       |     1 |     1 ||     2
       Conjure Flame     |       |     1 |       ||     1
Armor: Robe              |     4 |     7 |     8 ||    19
Dodge: Dodged            |    27 |    32 |    34 ||    93

Notes
Turn   | Place    | Note
--------------------------------------------------------------
     0 | D:1      | Duffy the Mummy Fire Elementalist began the quest for the Orb.
     0 | D:1      | Reached XP level 1. HP: 13/13 MP: 3/3
    37 | D:1      | Reached skill level 1 in Conjurations
   184 | D:1      | Reached XP level 2. HP: 6/19 MP: 0/5
   491 | D:1      | Reached skill level 2 in Conjurations
  1004 | D:1      | Reached XP level 3. HP: 19/24 MP: 0/6
  1108 | D:1      | Learned a level 3 spell: Conjure Flame
  1498 | D:2      | Noticed Sigmund
  2086 | D:2      | Reached XP level 4. HP: 30/30 MP: 4/7
  2124 | D:3      | Reached skill level 3 in Conjurations
  2201 | D:3      | Reached skill level 3 in Fire Magic
  2312 | D:3      | Found a radiant altar of Vehumet.
  2325 | D:3      | Became a worshipper of Vehumet
  2406 | D:3      | Reached XP level 5. HP: 32/35 MP: 4/8
  2524 | D:3      | Noticed Jessica
  2584 | D:3      | Killed Jessica
  2745 | D:3      | Learned a level 4 spell: Sticky Flame
  3348 | D:2      | Killed Sigmund
  3348 | D:2      | Reached skill level 4 in Conjurations
  3348 | D:2      | Reached skill level 4 in Fire Magic
  3348 | D:2      | Reached XP level 6. HP: 41/41 MP: 1/9
  3453 | D:2      | Found a white marble altar of Elyvilon.
  4245 | D:4      | Found an oddly glowing altar of Pakellas.
  4339 | D:4      | Found a bloodstained altar of Trog.
  4574 | D:3      | Reached XP level 7. HP: 25/46 MP: 1/10
  5160 | D:5      | Entered Level 5 of the Dungeon
  5253 | D:5      | Reached * piety under Vehumet
  5253 | D:5      | Offered knowledge of Freeze by Vehumet.
  5253 | D:5      | Reached skill level 5 in Conjurations
  5448 | D:5      | Reached skill level 5 in Fire Magic
  5656 | D:5      | Found a staircase to the Ecumenical Temple.
  5812 | Temple   | Entered the Ecumenical Temple
  6067 | D:5      | Noticed a steam dragon
  6071 | D:5      | Killed from afar by a steam dragon

Vault maps used:
D:1:      sevenhm_arrival_forest_fort_small_4
D:2:      nicolae_overflow_crystal_walls, uniq_sigmund
D:3:      lemuel_doored_altar, uniq_jessica
D:4:      marbit_many_paths, first_bread, grunt_pakellas_salt
D:5:      kennysheep_mini, temple_hall, sigmund_army
Temple:   triangle_lava_temple_11

Vanquished Creatures
  Sigmund
  A necrophage
  An ogre
  A crimson imp
  A hound
  2 orc priests
  An orc wizard Jessica
  2 iguanas
  4 worker ants
  7 adders
  An ooze
  3 worms
  3 dart slugs
  3 giant geckos
  4 orcs
  8 bats
  4 giant cockroaches
  11 goblins
  4 hobgoblins
  5 jackals
  4 kobolds
  A quokka
  A ball python
  3 giant newts
  A quokka skeleton
  7 rats
85 creatures vanquished.
